 Dungeon Crawl Stone Soup version 0.31-a0-1405-g2bb1a01664 (webtiles) character file.

Game seed: 10044798192535602999

100 rageheart7 the Chopper (level 4, -3/42 HPs)
             Began as a Hill Orc Chaos Knight on Dec 25, 2023.
             Was a Plaything of Xom.
             Slain by a cerulean imp
             ... wielding a +2 spear
             ... summoned by Natasha
              (8 damage)
             ... on level 2 of the Dungeon.
             The game lasted 00:01:26 (1160 turns).

rageheart7 the Chopper (Hill Orc Chaos Knight)      Turns: 1160, Time: 00:01:27

Health: -3/42      AC:  0    Str: 16    XL:     4   Next: 74%
Magic:  4/4        EV: 18    Int: 12    God:    Xom [..*...]
Gold:   96         SH:  0    Dex: 15    Spells: 3/3 levels left

rFire   . . .        a - melded +0 hand axe (chaos)
rCold   . . .        (shield currently unavailable)
rNeg    . . .        b - melded +2 leather armour
rPois   .            f - melded +1 hat
rElec   .            (cloak currently unavailable)
rCorr   .            (gloves currently unavailable)
SInv    .            (boots currently unavailable)
Will    .....        (no amulet)
Stlth   +            (ring currently unavailable)
HPRegen 0.27/turn    (ring currently unavailable)
MPRegen 0.09/turn

%: no passive effects
@: bat-form, flying, slowed, invisible, quick
A: fast, flying, no casting, tiny
a: Renounce Religion


You were on level 2 of the Dungeon.
You worshipped Xom.
You were a toy of Xom.
You were a bat.
You visited 1 branch of the dungeon, and saw 2 of its levels.

You collected 96 gold pieces.

Inventory:

Hand Weapons
 a - a +0 hand axe of chaos (melded)
Armour
 b - a +2 leather armour (melded)
 f - a +1 hat (melded)
Jewellery
 d - a +4 ring of protection
Scrolls
 c - 2 scrolls of butterflies
 h - 3 scrolls of teleportation {unknown}
Potions
 e - a potion of might {unknown}
 g - a potion of curing {unknown}
 i - a potion of lignification {unknown}


   Skills:
 * Level 5.2 Fighting
 * Level 5.7 Axes
 - Level 2.1 Armour
 - Level 0.7 Dodging


You had 3 spell levels left.
You didn't know any spells.
Your spell library contained the following spells:

 Spells                   Type           Power      Damage    Failure   Level
 Apportation              Tloc           0%         N/A       32%         1
 Jinxbite                 Hex            0%         N/A       45%         2
 Alistair's Intoxication  Alch           0%         N/A       100%        5


Dungeon Overview and Level Annotations

Branches:
Dungeon (2/15)

Altars:
Wu Jian

Annotations:
D:1 1 runed translucent door
D:2 Natasha


Message History

Natasha stares at you and mumbles some strange words.
You resist with some effort.
You hit Natasha.
Natasha is heavily wounded.
The cerulean imp misses you. Natasha completely misses you.
The cerulean imp closely misses you.
You hit Natasha.
Natasha is severely wounded.
The cerulean imp misses you. Natasha claws you!
The cerulean imp completely misses you. The cerulean imp closely misses you.
The cerulean imp completely misses you.
You closely miss Natasha.
Natasha is severely wounded.
Natasha barely misses you.
The cerulean imp hits you from afar with a +2 spear.
The cerulean imp closely misses you.
The cerulean imp hits you with a +1 spear.
Natasha misses you.
The cerulean imp hits you from afar with a +2 spear.
You barely miss Natasha.
Natasha is severely wounded.
The cerulean imp completely misses you. x2; Natasha claws you.
* * * LOW HITPOINT WARNING * * *
The cerulean imp misses you. x2
Unknown command.
You hit Natasha but do no damage.
Natasha is severely wounded.
The cerulean imp hits you with a +1 spear.
* * * LOW HITPOINT WARNING * * *
Natasha closely misses you.
The cerulean imp hits you from afar with a +2 spear.
* * * LOW HITPOINT WARNING * * *
The cerulean imp misses you. x2; Natasha barely misses you.
You barely miss Natasha.
Natasha is severely wounded.
The cerulean imp misses you. The cerulean imp closely misses you.
Natasha completely misses you.
The cerulean imp hits you from afar with a +2 spear!
You die...
Xom guffaws!

#..........# ####
#..........# ...#
#..........# ...#
#..........# ...#
##........## ####
#.#...5......# ##
#.#.....h.5..# .##
#.......b.5..# ..###
#...[..)....### #...#
#..............
###.######..........#...
^.†.....................
##....#..##....######...
#....##..#....# ...
#....###......# ##
#....####.....#########


You could see Natasha and 3 cerulean imps.

Vanquished Creatures
  Natasha (D:2)
  4 gnolls (D:2)
  4 endoplasms
  3 giant cockroaches
  2 goblins
  6 hobgoblins
  A quokka (D:2)
  5 ball pythons
  A bat (D:2)
  2 frilled lizards
  3 kobolds
  7 rats
39 creatures vanquished.

Notes
Turn   | Place    | Note
-------+----------+-------------------------------------------
     0 | D:1      | rageheart7 the Hill Orc Chaos Knight began the quest for
                  | the Orb.
     0 | D:1      | Reached XP level 1. HP: 19/19 MP: 1/1
     1 | D:1      | Found a runed translucent door.
   113 | D:1      | Reached XP level 2. HP: 27/27 MP: 2/2
   357 | D:1      | XOM: silly message
   623 | D:1      | XOM: divination: detect items
   778 | D:2      | XOM: potion effect (might)
   781 | D:2      | Reached XP level 3. HP: 26/34 MP: 3/3
   787 | D:2      | Reached skill level 5 in Axes
   789 | D:2      | Reached XP level 4. HP: 34/41 MP: 4/4
   878 | D:2      | Found an ornate altar of the Wu Jian Council.
   960 | D:2      | Noticed Natasha
   970 | D:2      | Killed Natasha
   971 | D:2      | Reached skill level 5 in Fighting
  1139 | D:2      | Noticed Natasha
  1146 | D:2      | XOM: potion effect (invisibility)
  1160 | D:2      | Slain by a cerulean imp

Illustrated notes

Levels and vault maps discovered:
D:1:      dpeg_arrival_caged_fury, layout_basic
D:2:      layout_rooms, basic_altar, nicolae_grassy_gnolls, uniq_natasha

Skill      XL: |  1  2  3  4 |
---------------+-------------+-----
Fighting       | 4 5 |  5.2
Axes           | 5 |  5.7
Armour         | |  2.1
Dodging        | |  0.7

Action                     |  1- 3 |  4- 6 || total
---------------------------+-------+-------++-------
  Melee: Hand axe          |    50 |    23 ||    73
         Unarmed           |       |    15 ||    15
   Stab: Invisible         |       |     1 ||     1
 Armour: Leather armour    |    27 |    11 ||    38
         Skin              |       |    11 ||    11
  Dodge: Dodged            |    31 |    41 ||    72

Table legend: (Time is in decaauts)
 A = Elapsed time spent in this place.
 B = Non-inter-level travel time spent in this place.
 C = Inter-level travel time spent in this place.
 D = Time resting spent in this place.
 E = Time spent auto-exploring this place.
 F = Levels seen in this place.
 G = Mean time per level.
                   A        B        C        D        E       F      G
               +--------+--------+--------+--------+--------+-----+--------+
         Total |   1169 |   1152 |     17 |      0 |    942 |   2 |  584.5 |
       Dungeon |   1169 |   1152 |     17 |      0 |    942 |   2 |  584.5 |
               +--------+--------+--------+--------+--------+-----+--------+

Top non-repeatable levels by time:
     D:1: 747 daAuts
     D:2: 421 daAuts
